 Dungeon Crawl Stone Soup version 0.22-a0-247-gbddf880757 (webtiles) character file.

58 Peterchen the Chopper (level 3, 0/46 HPs)
             Began as a Minotaur Berserker on Feb 25, 2018.
             Was a Believer of Trog.
             Hit by a tomahawk thrown by an orc (5 damage)
             ... on level 2 of the Dungeon.
             The game lasted 00:03:03 (954 turns).

Peterchen the Chopper (Minotaur Berserker)           Turns: 954, Time: 00:03:03

Health: 0/46       AC:  2    Str: 27    XL:     3   Next: 75%
Magic:  2/2        EV: 12    Int:  4    God:    Trog [**....]
Gold:   54         SH:  0    Dex:  9    Spells: 2/2 levels left

rFire    . . .     SeeInvis .   a - +0 hand axe
rCold    . . .     Gourm    .   (no shield)
rNeg     . . .     Faith    .   b - +0 animal skin
rPois    .         Spirit   .   (helmet restricted)
rElec    .         Reflect  .   (no cloak)
rCorr    .         Harm     .   (no gloves)
MR       .....                  (no boots)
Stlth    ..........             (no amulet)
HPRegen  0.15/turn              (no ring)
MPRegen  0.08/turn              (no ring)

@: berserking, quick
A: retaliatory headbutt, horns 2
a: Berserk, Trog's Hand, Renounce Religion


You were on level 2 of the Dungeon.
You worshipped Trog.
Trog was pleased with you.
You were very hungry.

You visited 1 branch of the dungeon, and saw 2 of its levels.

You collected 54 gold pieces.

Inventory:

Hand Weapons
 a - a +0 hand axe (weapon)
Armour
 b - a +0 animal skin (worn)
Scrolls
 i - a scroll of fog
 j - a scroll of enchant weapon
Potions
 d - a potion of curing {unknown}
 e - a potion of heal wounds {unknown}
 g - a potion of magic {unknown}
 h - a potion of brilliance {unknown}
 k - a potion of degeneration {unknown}
Comestibles
 c - 5 rations
 f - 3 chunks of flesh


   Skills:
 - Level 3.6 Fighting
 * Level 5.7 Axes
 - Level 2.4 Armour
 - Level 2.1 Dodging


You had 2 spell levels left.
You didn't know any spells.

Dungeon Overview and Level Annotations

Branches:
Dungeon (2/15)

Altars:


Innate Abilities, Weirdness & Mutations

You reflexively headbutt those who attack you in melee.
You have a pair of horns on your head.


Message History

Beogh smites you!
Found 23 gold pieces.
A red film seems to cover your vision as you go berserk!
You feel yourself moving faster!
You feel mighty!
You are feeling very hungry.
The orc priest mumbles some strange prayers to Beogh against you.
Beogh smites you!
* * * LOW HITPOINT WARNING * * *
The orc hits you with a club.
* * * LOW HITPOINT WARNING * * *
Your unstable footing causes you to fumble your attack.
The orc wizard completely misses you.
You barely miss the orc wizard. You slash the orc!
You kill the orc!
Trog accepts your kill.
You slash the orc!
You kill the orc!
Trog accepts your kill.
The orc throws a tomahawk.
The tomahawk hits you.
You die...

#........##........#
#........##........#
#........##........#.#
#..........####......#
#.....................
#.......(.............
#...........#########.
#.............(....##
#............@oo.≈..#
#.............).....$
..............o.....⌠
#######..........$
##..≈...≈..#
#........## #.########
#.


You could see an orc priest, an orc wizard and an orc.

Vanquished Creatures
  A hound skeleton (D:2)
  A worm (D:2)
  2 dart slugs
  A leopard gecko (D:1)
  2 orcs (D:2)
  2 bats (D:1)
  2 giant cockroaches (D:1)
  7 goblins
  4 hobgoblins
  A quokka (D:2)
  A frilled lizard (D:1)
  4 kobolds
  3 rats (D:1)
31 creatures vanquished.

Notes
Turn   | Place    | Note
-------+----------+-------------------------------------------
     0 | D:1      | Peterchen the Minotaur Berserker began the quest for the Orb.
     0 | D:1      | Reached XP level 1. HP: 19/19 MP: 0/0
   151 | D:1      | Reached skill level 4 in Axes
   232 | D:1      | Reached XP level 2. HP: 19/26 MP: 1/1
   651 | D:2      | Reached skill level 5 in Axes
   659 | D:2      | Reached XP level 3. HP: 13/31 MP: 2/2
   894 | D:2      | Reached ** piety under Trog
   954 | D:2      | Hit by a tomahawk thrown by an orc

Vault maps used:
D:1:      tarquinn_simple_flora_water_a
D:2:      cheibrodos_pilgrimage, gammafunk_temple_overflow_elements

Skill      XL: |  1  2 |
---------------+-------+-----
Axes           | 4 5 |  5.7
Fighting       | |  3.6
Armour         | |  2.4
Dodging        | |  2.1

Action                   || total
-------------------------++-------
Melee: Hand axe          ||    59
       Headbutt          ||    12
Invok: Berserk           ||     2
  Use: Scroll            ||     2
  Eat: Chunk             ||     1
Armor: Animal skin       ||     9
Dodge: Dodged            ||    38

Table legend:
 A = Spawn XP
 B = Non-spawn XP
 C = Spawn XP percentage of total XP
 D = Spawn monster count
 E = Non-spawn monster count
 F = Spawn count percentage of total count
 G = Total turns spent on level
                    A         B        C        D         E        F      G
               +---------+---------+-------+---------+---------+-------+---------
         Total |       0 |      83 |   0.0 |       0 |      31 |   0.0 |   954
               +---------+---------+-------+---------+---------+-------+---------
           D:1 |       0 |      31 |   0.0 |       0 |      17 |   0.0 |   850
           D:2 |       0 |      52 |   0.0 |       0 |      14 |   0.0 |   104
               +---------+---------+-------+---------+---------+-------+---------
